 Dungeon Crawl Stone Soup version 0.26-a0-812-g31a745ddcd (webtiles) character file.

Game seed: 17892626384459860497

80 nicanaca0 the Chiller (level 4, 0/24 HPs)
             Began as a Gargoyle Ice Elementalist on Nov 23, 2020.
             Slain by an ice beast (5 damage)
             ... on level 2 of the Dungeon.
             The game lasted 00:03:55 (2031 turns).

nicanaca0 the Chiller (Gargoyle Ice Elementalist)   Turns: 2031, Time: 00:03:56

Health: 0/24       AC:  6    Str: 11    XL:     4   Next: 39%
Magic:  6/7        EV: 12    Int: 17    God:
Gold:   61         SH:  0    Dex: 10    Spells: 0/8 levels left

rFire    . . .     SeeInvis .   e - +0 spear (curse)
rCold    . . .     Faith    .   (no shield)
rNeg     + . .     Spirit   .   a - +0 robe
rPois    ∞         Reflect  .   c - +0 helmet (curse)
rElec    +         Harm     .   (no cloak)
rCorr    .         Rampage  .   (no gloves)
MR       .....                  (no boots)
Stlth    ++........             (no amulet)
HPRegen  0.08/turn              (no ring)
MPRegen  0.10/turn              (no ring)

@: no status effects
A: negative energy resistance 1, electricity resistance, unbreathing,
petrification resistance, rot immunity, AC +3
a: no special abilities


You were on level 2 of the Dungeon.
You visited 1 branch of the dungeon, and saw 2 of its levels.

You collected 61 gold pieces.

Inventory:

Hand Weapons
 e - a cursed +0 spear (weapon)
 h - a cursed -1 whip
Armour
 a - a +0 robe (worn)
 c - a cursed +0 helmet (worn)
Wands
 g - a wand of random effects (25)
Potions
 b - a potion of invisibility
 d - a potion of curing {unknown}


   Skills:
 - Level 1.6 Dodging
 + Level 3.2 Stealth
 + Level 2.6 Spellcasting
 * Level 4.9 Ice Magic


You couldn't memorise any spells.
You knew the following spells:

 Your Spells              Type           Power        Failure   Level
a - Freeze                Ice            ###.         2%          1
b - Frozen Ramparts       Ice            ###...       7%          3
c - Summon Ice Beast      Ice/Summ       ##......     54%         4

Your spell library contained the following spells:

 Spells                   Type           Power        Failure   Level
 Ozocubu's Armour         Ice            ###.....     7%          3
 Hailstorm                Conj/Ice       ##......     54%         4


Dungeon Overview and Level Annotations

Branches:
Dungeon (2/15)

Altars:
Fedhas

Annotations:
D:2 1 runed translucent door, Crazy Yiuf


Innate Abilities, Weirdness & Mutations

You are resistant to torment.
Your stone body is resilient. (AC +3)
You are immune to poison.
You resist negative energy. (rN+)
You are resistant to electric shocks. (rElec)
You can survive without breathing.
You are immune to petrification.
You are immune to rotting.


Message History

You freeze the ice beast but do no damage.
Casting: Freeze (safe; 2% risk of failure)
Confirm with . or Enter, or press ? or * to list all spells.
You can't see any susceptible monsters within range! (Use Z to cast anyway.)
The ice beast hits you. The ice beast freezes you!
Ouch! That really hurt!
You barely miss the ice beast.
The ice beast is lightly wounded.
Casting: Freeze (safe; 2% risk of failure)
Confirm with . or Enter, or press ? or * to list all spells.
You can't see any susceptible monsters within range! (Use Z to cast anyway.)
The ice beast hits you but does no damage.
You hit the ice beast but do no damage.
The ice beast is lightly wounded.
You barely miss the ice beast.
The ice beast is lightly wounded.
The ice beast hits you.
* * * LOW HITPOINT WARNING * * *
The ice beast freezes you.
You die...

#.###.# #.###.#...#
#......###
##.###..#####.# .##
#........#
#.###.###..#######
#..#......##
#.#.###.#.##############
#.# #........Y@....<)#
#.# ##.#############)#
#.## #.# #.# ...#####.#
#)# .......#.####### #.#
...###...).....# #.#
(..# #.###'###.# #.#
##.###.# #(# #§# #.#
)#.....###.###§# #.#


You could see an ice beast (confused).

Vanquished Creatures
  Robin (D:2)
  2 adders (D:2)
  An ooze (D:2)
  A worm (D:2)
  A dart slug (D:2)
  2 leopard geckos (D:1)
  4 bats
  2 giant cockroaches
  5 hobgoblins
  4 jackals (D:2)
  9 goblins
  5 kobolds
  A rat (D:1)
38 creatures vanquished.

Notes
Turn   | Place    | Note
-------+----------+-------------------------------------------
     0 | D:1      | nicanaca0 the Gargoyle Ice Elementalist began the quest for
                  | the Orb.
     0 | D:1      | Reached XP level 1. HP: 10/10 MP: 3/3
   227 | D:1      | Reached XP level 2. HP: 15/15 MP: 3/5
   915 | D:2      | Noticed Robin
   996 | D:2      | Killed Robin
   996 | D:2      | Reached XP level 3. HP: 13/19 MP: 0/6
  1434 | D:2      | Found a blossoming altar of Fedhas.
  1771 | D:2      | Found a runed translucent door.
  1772 | D:2      | Noticed Crazy Yiuf
  1900 | D:2      | Reached XP level 4. HP: 24/24 MP: 3/7
  1905 | D:2      | Learned a level 3 spell: Frozen Ramparts
  1910 | D:2      | Learned a level 4 spell: Summon Ice Beast
  1988 | D:2      | Noticed an ice beast
  2031 | D:2      | Slain by an ice beast

Illustrated notes

Levels and vault maps discovered:
D:1:      enne_arrival_octagon_isle, layout_basic
D:2:      layout_loops_ring, lemuel_doored_altar, serial_glass, glass_columns_a,
          glass_columns_a, item_on_display_b, uniq_robin,
          uniq_crazy_yiuf_cottage

Skill      XL: |  1  2  3 |
---------------+----------+-----
Stealth        | 3 |  3.2
Dodging        | |  1.6
Spellcasting   | |  2.6
Ice Magic      | |  4.9

Action                   |  1- 3 |  4- 6 || total
-------------------------+-------+-------++-------
Melee: Unarmed           |     2 |       ||     2
       Spear             |    34 |    11 ||    45
 Cast: Freeze            |    49 |     9 ||    58
Evoke: Wand              |       |     2 ||     2
  Use: Scroll            |     2 |       ||     2
 Stab: Sleeping          |     1 |     2 ||     3
Armor: Robe              |    22 |     6 ||    28
Dodge: Dodged            |    23 |     9 ||    32

Table legend: (Time is in decaauts)
 A = Elapsed time spent in this place.
 B = Non-inter-level travel time spent in this place.
 C = Inter-level travel time spent in this place.
 D = Time resting spent in this place.
 E = Time spent auto-exploring this place.
 F = Levels seen in this place.
 G = Mean time per level.
                   A        B        C        D        E       F      G
               +--------+--------+--------+--------+--------+-----+--------+
         Total |   2037 |   1977 |     60 |    624 |    976 |   2 | 1018.5 |
       Dungeon |   2037 |   1977 |     60 |    624 |    976 |   2 | 1018.5 |
               +--------+--------+--------+--------+--------+-----+--------+

Top non-repeatable levels by time:
     D:2: 1044 daAuts
     D:1: 993 daAuts
